[Event "12th WLC Weekend 2022"]
[Site "Eindhoven"]
[Date "2022.05.14"]
[Round "3.5"]
[White "Margarido, Jose Miguel Teixeira"]
[Black "Baselmans, Sam"]
[Result "0-1"]
[ECO "E94"]
[WhiteElo "2127"]
[BlackElo "2175"]
[Annotator "TA"]
[PlyCount "106"]
[EventDate "2022.05.13"]
[EventType "swiss"]
[EventCountry "NED"]
[SourceTitle "playchess.com"]
[Source "ChessBase"]
[SourceQuality "1"]
[TimeControl "5400+30"]

1. d4 Nf6 2. c4 g6 3. Nc3 Bg7 4. e4 d6 5. Nf3 O-O 6. Be2 Na6 7. O-O e5 8. Be3 Ng4 9. Bg5 Qe8 10. dxe5 Nxe5 11. Nd4 Nc6 12. Ndb5 f6 {[%emt 0:00:57] E94: King's Indian: Classical: 6 Be2 e5 7 0-0: Various Black 7th moves.} (12... f5 $11 {keeps the balance.}) 13. Be3 $16 Be6 {[%emt 0:01:09] [#]} 14. Rc1 $146 ({Predecessor:} 14. Qd2 Qf7 15. b3 Nc5 16. f4 f5 17. e5 Rad8 18. exd6 Bxc3 19. Nxc3 Rxd6 20. Qb2 {1-0 (48) Coppola,C (2248)-Avedisian,A (1935) Punta del Este 2021}) 14... Qd7 {[%emt 0:05:11] White is better.} 15. b3 Rae8 16. Qd2 ({Much worse is} 16. Nxa7 $6 Nxa7 17. Bxa7 b6 $11) ({And not} 16. Bxa7 b6 $17) 16... f5 17. Rfe1 Qf7 (17... Nc5 $14) 18. exf5 $1 Bxf5 19. Nd4 (19. Nd5 $16) 19... Nc5 20. Rcd1 (20. Nxc6 $14 bxc6 21. Bf3) 20... Kh8 (20... Nxd4 $11 21. Bxd4 Bd3 $1 22. Bxc5 Bxc3 23. Qxc3 Bxe2) 21. Nxf5 Qxf5 22. Nd5 Ne6 23. Bd3 Qf7 24. f3 a6 25. Bf1 Ned4 26. Bh6 Bxh6 27. Qxh6 Nf5 {[%emt 0:00:20] Pair of Knights!} 28. Qf4 {[%emt 0:00:51] And now Rxe8 would win.} Ne5 29. Qd2 Nh4 30. Qc3 c6 31. Ne3 Kg8 32. Be2 ({White should play} 32. Kh1 $11) 32... Qf4 {[%emt 0:01:56] Black is more active.} (32... Qf6 $1 $15 33. Qd2 Qg5) 33. Nf1 $1 $11 h5 34. Qd2 Qxd2 35. Nxd2 Nf5 36. Ne4 Rd8 37. Rd2 Kg7 38. Nc3 Rfe8 39. Kf2 Re7 40. Bd3 Nh4 (40... Nxd3+ $11 41. Rxd3 Rxe1 42. Kxe1 b5) 41. Re3 ({Better is} 41. Be4 $16) 41... Rf8 {[%emt 0:00:42] Strongly threatening ...Ng4+.} 42. Kg3 {[%emt 0:00:27] Against Ng4} g5 43. Bc2 Rf6 44. Be4 Ref7 45. Rd1 Rf8 (45... b5 $142 46. cxb5 axb5) 46. h3 ({But not} 46. Kh3 b5 $15) 46... Re8 47. Re2 Nf7 48. Red2 Re5 49. Kf2 g4 (49... Nf5 $14) 50. hxg4 $16 hxg4 {[%emt 0:00:06] [#]} 51. Kg3 (51. f4 $1 $16) 51... gxf3 $11 52. gxf3 (52. Kxh4 $5 Rg5 53. g4 $16) 52... Nxf3 53. Rf2 (53. Bxf3 $11 Re3 54. Ne4 Rfxf3+ 55. Kg2) 53... Rg5+ {[%emt 0:01:29] Weighted Error Value: White=0.35/Black=0.22 (precise)} 0-1

[Event "12th WLC Weekend 2022"]
[Site "Eindhoven"]
[Date "2022.05.14"]
[Round "3.6"]
[White "Iolis, Oleg"]
[Black "Verhoeven, Robin"]
[Result "0-1"]
[ECO "B01"]
[WhiteElo "2201"]
[BlackElo "1946"]
[Annotator "TA"]
[PlyCount "98"]
[EventDate "2022.05.13"]
[EventType "swiss"]
[EventCountry "NED"]
[SourceTitle "playchess.com"]
[Source "ChessBase"]
[SourceQuality "1"]
[TimeControl "5400+30"]

1. e4 d5 2. exd5 Nf6 3. Nf3 Bg4 4. Bb5+ Nbd7 5. h3 a6 6. Bxd7+ {[%emt 0:03:35] B01: Scandinavian Defence.} Bxd7 7. c4 {[%emt 0:00:06] [#]} c6 $146 ({Predecessor:} 7... b5 8. d3 e6 9. Qe2 Be7 10. dxe6 Bxe6 11. O-O O-O 12. Nc3 Rb8 13. Bf4 Nh5 {½-½ (31) Posada,J (2153)-Lopez Gonzalez,A (2351) Medellin 2017}) 8. dxc6 {[%emt 0:00:17] White is better.} Bxc6 9. O-O e6 10. Nc3 Qc7 11. d4 O-O-O (11... Be7 $16) 12. Ne5 $18 Be8 13. Bf4 Rg8 14. Rc1 Bc5 15. d5 Qe7 16. a3 g5 17. Bh2 h5 $2 (17... Bd6 18. Re1 h5) 18. b4 Bd6 19. c5 Bxe5 20. Bxe5 Nxd5 21. Ne4 (21. Qxh5 Nxc3 22. Rxc3 f5 $16) 21... Bc6 22. Nd6+ (22. Qxh5 Nf4 23. Qh7 (23. Qf3 $2 Rd3 $19) 23... Ne2+ 24. Kh2 Bxe4 25. Qxe4 Nxc1 26. Rxc1 f6 $11) 22... Kd7 23. Qxh5 (23. a4 $18 {Hoping for b5.} Nxb4 24. Nxf7+ (24. Qxh5 f6 $16) 24... Nd5 25. Nxd8 Kxd8 26. Qxh5) 23... g4 {[%emt 0:03:44] Strongly threatening ...Rg5.} 24. Rfe1 (24. Nxf7 Rdf8 25. hxg4 (25. Nd6 $2 gxh3 26. Qxh3 Nf4 $19) 25... Rxf7 $17) 24... Rg5 25. Qh7 (25. Qxf7 $16 {Threatens to win with h4.} gxh3 26. Bg3) 25... gxh3 (25... f6 $11 26. Qxe7+ Kxe7) 26. Qxh3 (26. Bg3 $1 $14 Rdg8 27. Rc4 (27. gxh3 $2 Rxg3+ 28. fxg3 Rxg3+ 29. Kh2 Rg2+ 30. Kxg2 Nf6+ 31. Kf1 Nxh7 $19) (27. Qxf7 hxg2 28. Rc4 Rh8 $17) (27. Qxh3 f5 $11) (27. Nxf7 $2 R8g7 $19) 27... hxg2 28. Bh4) 26... Rdg8 $11 27. Bg3 f5 $1 {[%emt 0:08:16][%cal Bf7f5,Bf5f4][%mdl 32] ...f4 is the strong threat.} 28. Rcd1 $2 (28. Kf1 $1 $11 {and White is okay.}) 28... f4 $19 29. Ne4 fxg3 30. Nxg5 gxf2+ 31. Kxf2 Rxg5 32. Re4 Qf6+ (32... Ba4 33. Rd2 $15) 33. Kg1 Ke7 {[%emt 0:03:44] Dancing on a razor blade.} 34. Rf1 (34. Qh2 $142) 34... Qg6 35. Rh4 ({Don't blunder} 35. Qf3 $2 Nf6 36. Qxf6+ Qxf6 $19) (35. Qh2 Rxg2+ 36. Qxg2 Qxg2+ 37. Kxg2) 35... Nf6 36. Rf2 Rg3 37. Qh2 Qg5 (37... Qd3 38. Rhf4 Qb1+ 39. Rf1 $17) (37... Qb1+ 38. Rf1 Qd3) 38. Kh1 $2 (38. Rh3 Qc1+ 39. Rf1 Qe3+ 40. Rf2 Qe1+ 41. Rf1 Rxg2+ 42. Qxg2 Bxg2 43. Rxe1 Bxh3 44. Kf2) 38... Qc1+ 39. Qg1 Qe3 {[%emt 0:00:26] aiming for ...Rh3+.} 40. Qf1 {[%emt 0:01:35] [#]} Rh3+ $40 {[%emt 0:00:30][%mdl 128] Black has strong attack.} (40... Rg7 $142 $1 41. Re2 (41. Ra2 Bd5) 41... Qg5) 41. Rxh3 Qxh3+ 42. Kg1 {[%emt 0:00:00] [#]} Qe3 ({Weaker is} 42... Qh4 43. Qd3 $15) 43. Kh1 $2 (43. Qe2 Qxe2 44. Rxe2) 43... Bb5 {[%emt 0:00:24] Black is clearly winning.} ({Inferior is} 43... Qh6+ 44. Kg1 $17) 44. Qg1 Ng4 {[%emt 0:00:22] ( -> ...Qh6+)} 45. Rf3 Qh6+ 46. Rh3 {[%emt 0:00:05] [#]} Qxh3+ $3 47. gxh3 Bc6+ 48. Qg2 Bxg2+ 49. Kxg2 Ne3+ {[%emt 0:00:06] What a bad dream for White.  Weighted Error Value: White=0.75/Black=0.32} 0-1

[Event "12th WLC Weekend 2022"]
[Site "Eindhoven"]
[Date "2022.05.14"]
[Round "3.7"]
[White "Bruil, Rembrandt"]
[Black "Grooten, Tommy"]
[Result "1-0"]
[ECO "E73"]
[WhiteElo "2122"]
[BlackElo "1847"]
[Annotator "TA"]
[PlyCount "69"]
[EventDate "2022.05.13"]
[EventType "swiss"]
[EventCountry "NED"]
[SourceTitle "playchess.com"]
[Source "ChessBase"]
[SourceQuality "1"]
[TimeControl "5400+30"]

1. d4 Nf6 2. c4 d6 3. Nc3 g6 4. e4 Bg7 5. Be2 O-O 6. Bg5 h6 7. Be3 e5 8. d5 a5 {[%emt 0:00:21] Recently 8...Na6 got a lot of attention.} 9. h4 Na6 {[%emt 0:01:52] E73: King's Indian: Averbakh Variation without 6...c5.} 10. h5 g5 11. g4 Nd7 {[%emt 0:00:16] White is better.} 12. f3 {[%emt 0:00:59] White is more active.} Nac5 {[%emt 0:00:30] [#]} 13. b3 $146 ({Predecessor:} 13. Nh3 Bf6 14. O-O Na6 15. a3 Rb8 16. Qc2 Ndc5 17. Rfb1 b6 18. b4 Nb7 19. c5 Naxc5 20. bxc5 dxc5 {1-0 (59) Toefferl,H (2025)-Ehs,C (1984) St Johann im Pongau 2016}) 13... Re8 14. Nh3 Bf8 15. O-O b6 16. Nf2 f5 (16... Nf6 $16 17. Kg2 Bg7) 17. exf5 $18 ({Don't take} 17. gxf5 $6 Nf6 $16) 17... Bg7 18. Nfe4 Nf6 19. Bd3 Ba6 20. a3 c6 $2 (20... Ncxe4 {is a better chance.} 21. Bxe4 (21. fxe4 Qe7 $16) (21. Nxe4 Qe7 $16) 21... Nxe4 22. Nxe4 a4) 21. dxc6 Qc7 22. Nxf6+ Bxf6 23. Be4 Bg7 24. b4 Nxe4 25. Qd5+ {[%emt 0:00:05][%mdl 64] [#] Zwischenzug, Double Attack} Kh8 26. Nxe4 Rad8 27. b5 Bc8 28. Rad1 a4 29. Nxd6 e4 30. f4 Rf8 {[%emt 0:00:39] [#]} 31. Nf7+ $1 Kh7 (31... Rxf7 32. Qxd8+) 32. Nxd8 Bxf5 33. gxf5 {[%emt 0:01:00] White mates.} Qe7 34. Qd6 Qe8 35. Qg6+ {[%emt 0:00:05] Black did not feel at home in the position after the opening.  Weighted Error Value: White=0.03 (flawless) /Black=0.54} 1-0

[Event "12th WLC Weekend 2022"]
[Site "Eindhoven"]
[Date "2022.05.14"]
[Round "3.8"]
[White "Becx, Cesar"]
[Black "Zepeda, Lorena"]
[Result "1-0"]
[ECO "A03"]
[WhiteElo "2101"]
[BlackElo "2130"]
[Annotator "TA"]
[PlyCount "137"]
[EventDate "2022.05.13"]
[EventType "swiss"]
[EventCountry "NED"]
[SourceTitle "playchess.com"]
[Source "ChessBase"]
[SourceQuality "1"]
[TimeControl "5400+30"]

1. f4 c5 2. Nf3 d5 3. g3 Nc6 4. Bg2 g6 5. O-O Bg7 6. d3 Nf6 7. c3 O-O 8. Na3 Rb8 9. Ne5 {[%emt 0:00:24] A03: Bird's Opening with 1...d5.} Nxe5 10. fxe5 Ne8 11. d4 {[%emt 0:12:06] The position is equal.} cxd4 12. Qxd4 {[%emt 0:01:21] [#]} e6 $146 ({Predecessor:} 12... Be6 13. Rd1 Qa5 14. Bg5 f6 15. Be3 fxe5 16. Qxa7 Qd8 17. Bxd5 Bxd5 18. c4 Nf6 19. cxd5 {1-0 (61) Maghsoodloo,P (2656)-Vaibhav,S (2591) Zuerich 2019}) 13. e4 Qc7 (13... Nc7 $14) 14. Qxa7 (14. Bf4 $16) 14... Bxe5 (14... dxe4 $14 15. Bf4 (15. Bxe4 Bd7 $14) 15... b5 16. Qxc7 Nxc7) 15. Nb5 (15. exd5 $16 {Nb5 is the strong threat.} b5 16. Qxc7 Nxc7 17. dxe6) 15... Qd8 (15... Qc4 $14) 16. exd5 {[%emt 0:07:33] [#] Hoping for Bh6.} Bd7 17. dxe6 $2 {[%emt 0:05:39] White is much more active. The black rooks are badly placed.} Bxb5 $17 18. Qc5 $2 (18. exf7+ $17 Rxf7 19. Rxf7 Kxf7 20. Be3) 18... Qd6 $4 19. exf7+ $18 {[%emt 0:03:54] White stays focused until the end.} ({Resist} 19. Qxb5 $6 Qxe6 20. Qb3 (20. Bxb7 Nd6 $17) 20... Nc7 $18) 19... Rxf7 20. Qxb5 Rxf1+ 21. Qxf1 ({But not} 21. Bxf1 Ng7 22. Bg5 Nf5 $18) 21... Nf6 22. Be3 Kg7 23. Qe2 b5 24. Qd2 Qe7 25. Bh6+ Kh8 26. Re1 {[%emt 0:04:03] Strongly threatening Bf3.} Ng4 27. Qe2 Qc5+ 28. Be3 Nxe3 29. Qxe3 Qxe3+ 30. Rxe3 {[%emt 0:00:10][%mdl 4096] Endgame KRB-KRB} Bd6 31. Kf1 b4 32. cxb4 Rxb4 33. Rd3 Bc5 34. b3 Kg7 35. Ke2 Kf6 36. Rc3 Bd6 (36... Bg1 $16 {was called for.} 37. h3 Ke5) 37. a3 Rb8 38. b4 h5 39. Rc6 Ke5 40. Ra6 g5 41. h4 gxh4 42. gxh4 Rg8 43. Bf3 Be7 44. Ra5+ ({Don't take} 44. Bxh5 Kd4 45. b5 Kc5) 44... Kd4 45. Rxh5 Rg1 46. Rd5+ Kc4 47. Re5 Bf6 48. Re4+ Kb5 49. Kf2 Ra1 $2 (49... Rg7 50. Bd1 Re7) 50. Be2+ Ka4 51. b5+ Kxa3 $2 (51... Ka5 52. Kg3 Rxa3+ 53. Kg4 Bb2) 52. h5 Rc1 53. Kg3 Rc5 (53... Rc8 $142 54. Kg4 Bh8) 54. Kg4 Rg5+ 55. Kf4 {[%emt 0:00:15] Threatens to win with Re6.} Rc5 56. b6 {[%emt 0:01:08] Intending b7 and mate.} Bd8 57. b7 {[%emt 0:00:43] White mates.} Bc7+ 58. Kg4 Rc1 59. Re8 Rg1+ 60. Kf5 Re1 61. Kg6 Rg1+ 62. Kf7 Re1 63. h6 Rh1 64. Kg6 Rg1+ 65. Kh5 Rh1+ {[%emt 0:00:14] [#]} 66. Kg5 $1 Rh2 67. b8=Q Bxb8 68. Rxb8 Rxe2 69. h7 {[%emt 0:00:29] Weighted Error Value: White=0.42/Black=0.63} 1-0

[Event "12th WLC Weekend 2022"]
[Site "Eindhoven"]
[Date "2022.05.14"]
[Round "3.9"]
[White "Roebers, Jan"]
[Black "Boeren, Jurriaan"]
[Result "0-1"]
[ECO "C95"]
[WhiteElo "2126"]
[BlackElo "1778"]
[Annotator "TA"]
[PlyCount "74"]
[EventDate "2022.05.13"]
[EventType "swiss"]
[EventCountry "NED"]
[SourceTitle "playchess.com"]
[Source "ChessBase"]
[SourceQuality "1"]
[TimeControl "5400+30"]

1. e4 e5 2. Nf3 Nc6 3. Bb5 a6 4. Ba4 Nf6 5. O-O Be7 6. Re1 b5 7. Bb3 d6 8. c3 O-O 9. h3 Nb8 10. d4 Nbd7 11. Nbd2 Bb7 12. Bc2 Re8 13. Nf1 Bf8 14. Ng3 g6 15. b3 Bg7 {[%emt 0:01:08] 15...Bg7 was played by the boomers.} 16. d5 Rc8 {[%emt 0:03:40] C95: Closed Ruy Lopez: Breyer Variation with 10 d4.} 17. c4 Nb6 {[%emt 0:04:25] [#]} 18. Qe2 $146 ({Predecessor:} 18. Rb1 c6 19. Bd2 Qc7 20. Bd3 Nbd7 21. Rc1 Qb8 22. Bc2 Qa8 23. Bg5 bxc4 24. bxc4 cxd5 25. cxd5 {1-0 (45) Sasikiran,K (2643)-Lindberg,B (2397) Stockholm 2016}) 18... c6 {[%emt 0:02:43][%cal Rc6d5] The position is equal.} 19. a4 (19. Be3 $11 {remains equal.}) 19... bxa4 (19... cxd5 $17 {White must now prevent ...Nxe4.} 20. cxb5 dxe4 21. Bxe4 Nxe4 22. Nxe4 axb5) 20. bxa4 $11 cxd5 (20... a5 $11) 21. cxd5 $14 Nbxd5 22. exd5 {[%emt 0:06:03] Threatens to win with Bg5.} Nxd5 (22... e4 $1 $14 23. Nd4 Nxd5) 23. Ra3 (23. Bg5 $16 Qd7 24. Qd2) 23... Qc7 24. Be4 {[%emt 0:05:24] Threatening Rb3.} Nf4 $1 25. Qa2 d5 26. Bb1 e4 27. Nh2 {[%emt 0:03:06] [#]} (27. Bxf4 $11 Qxf4 28. Rae3) 27... d4 $1 $17 {[%emt 0:18:52][%cal Oe4e3] ...e3! is the strong threat. 0x0.001b5a0ed4d3dp-1022s more active pieces.} 28. Bxf4 Qxf4 29. Nhf1 Bf8 {[%emt 0:01:25] A strong pair of Bishops.} (29... e3 $17 30. fxe3 dxe3) 30. Ne2 $2 {[%emt 0:05:48] This costs White the game.} (30. Rb3 $1 $11 Bd5 31. Bxe4 Bxb3 32. Qxb3) 30... Qe5 $19 31. Rg3 {[%emt 0:00:53] [#]} Bb4 $1 32. Rd1 d3 {[%emt 0:00:59] And now ...Bd5 would win.} 33. Ne3 {[%emt 0:04:23] Prevents Bd5.} dxe2 34. Qxe2 Red8 35. Rf1 (35. Rxd8+ {was called for.} Rxd8 36. Nf1) 35... Rd2 {[%emt 0:01:01] Black is clearly winning.} 36. Nc4 Rxe2 37. Nxe5 Bd6 {[%emt 0:00:32] Weighted Error Value: White=0.56/Black=0.26 (precise)} 0-1

[Event "12th WLC Weekend 2022"]
[Site "Eindhoven"]
[Date "2022.05.14"]
[Round "3.10"]
[White "Van Doren, Bas"]
[Black "Auwens, Michel"]
[Result "1-0"]
[ECO "B09"]
[WhiteElo "2102"]
[BlackElo "1791"]
[Annotator "TA"]
[PlyCount "81"]
[EventDate "2022.05.13"]
[EventType "swiss"]
[EventCountry "NED"]
[SourceTitle "playchess.com"]
[Source "ChessBase"]
[SourceQuality "1"]
[TimeControl "5400+30"]

1. e4 d6 2. d4 g6 3. Nc3 Bg7 4. f4 c6 5. Nf3 Nf6 6. Bd3 Qc7 {[%emt 0:01:49] B09: Pirc Defence: Austrian Attack.} 7. O-O O-O 8. e5 (8. Qe1 $16) 8... Nd5 $14 {[%emt 0:04:27] White is slightly better.} 9. Ne4 (9. Nxd5 $14 cxd5 10. c3) 9... dxe5 (9... c5 $1 $11 {keeps the balance.}) 10. fxe5 $16 {[%emt 0:01:48] [#]} b5 $146 (10... Bg4 $142) ({Predecessor:} 10... Nb4 11. Bc4 Bf5 12. Re1 e6 13. c3 Bxe4 14. Rxe4 Nd5 15. Qe1 Qe7 16. Bg5 Qc7 {1-0 (28) Gabriel,J (2113)-Schmidt,M (1816) Gerlingen 2011}) 11. c3 a5 12. Qe1 (12. Nfg5 $18) 12... Bf5 (12... f5 $16) 13. Qh4 $18 f6 {[%emt 0:03:20] [#] Against Nfg5} (13... Qc8 $142 14. Bh6 Bxe4 15. Bxe4 f6 16. Bxg7 Kxg7) 14. exf6 $2 (14. Neg5 $1 $18 fxg5 15. Nxg5 $1) 14... exf6 $14 15. Bd2 Nd7 16. g4 g5 17. Qh3 Bg6 18. Rae1 Rae8 19. Qg3 Qxg3+ 20. hxg3 N7b6 21. b3 Re7 22. Rf2 Rfe8 23. Nd6 {[%emt 0:04:02] Threatens to win with Bxg6.} Rxe1+ 24. Bxe1 {[%emt 0:00:14] Bxg6 is the strong threat.} Re7 25. Bf5 Bxf5 26. gxf5 (26. Nxf5 $11 Re6 27. Rc2) 26... g4 $17 27. c4 gxf3 28. Bxa5 bxc4 29. bxc4 Ra7 30. cxd5 Nxd5 ({Black should try} 30... Rxa5 $17 31. dxc6 Ra4 32. Rxf3 Bf8) 31. Nc4 $11 Re7 32. Rxf3 Bh6 33. Kf2 {[%emt 0:01:00] Prevents Re2+.} Re4 ({Better is} 33... Bf8) 34. Rd3 $16 Re8 35. Bd2 (35. Kf3 $16) 35... Bf8 (35... Bxd2 $14 36. Nxd2 (36. Rxd2 Ra8 $14) 36... Ra8) 36. a4 c5 (36... h5 $16 37. a5 Rb8) 37. Kf3 $18 {[%emt 0:02:34] aiming for dxc5.} cxd4 38. Rxd4 Ne7 39. Rg4+ Bg7 40. Nd6 {[%emt 0:06:43] Hoping for Bh6.} Rd8 {[%emt 0:00:54] [#]} (40... Rb8 {was necessary.} 41. Bh6 Rb3+ 42. Kg2 Ng6 43. fxg6 Bxh6) 41. Bh6 $1 {[%emt 0:00:05] Weighted Error Value: White=0.42/Black=0.42} 1-0

[Event "12th WLC Weekend 2022"]
[Site "Eindhoven"]
[Date "2022.05.14"]
[Round "3.11"]
[White "Suranyi, Pal"]
[Black "Kools, Thomas"]
[Result "1/2-1/2"]
[ECO "D11"]
[WhiteElo "2013"]
[BlackElo "2160"]
[Annotator "TA"]
[PlyCount "68"]
[EventDate "2022.05.13"]
[EventType "swiss"]
[EventCountry "NED"]
[SourceTitle "playchess.com"]
[Source "ChessBase"]
[SourceQuality "1"]
[TimeControl "5400+30"]

1. d4 d5 2. c4 c6 3. Qc2 Nf6 4. Nf3 g6 5. Bf4 Bf5 6. Qb3 Qb6 7. c5 Qxb3 8. axb3 Nbd7 9. Nc3 {[%emt 0:06:54] D11: Slav Defence: 3 Nf3 sidelines and 3...Nf6 4 e3 Bg4.} Bg7 10. b4 O-O 11. h3 Ne4 12. g4 Nxc3 13. gxf5 Ne4 14. Rg1 a6 15. e3 Rae8 {[%emt 0:02:17] [#]} 16. Ne5 $146 (16. h4 $16) ({Predecessor:} 16. h4 e6 17. fxe6 Rxe6 18. Bh3 f5 19. h5 Kf7 {½-½ (19) Claesen,P (2388)-Duhayon,Y (2228) Leuven 2004}) 16... Nef6 17. Be2 Nxe5 18. Bxe5 Nd7 19. Bxg7 Kxg7 20. f4 e6 21. fxg6 hxg6 22. h4 $1 Kf6 23. Kf2 Rh8 24. Rh1 Ke7 25. h5 {[%emt 0:00:39] The position is equal.} gxh5 26. Bxh5 Rh7 (26... Nf6 $5 27. Bf3 Rxh1 28. Rxh1 Rd8 $11) 27. Bf3 Reh8 28. Rxh7 Rxh7 29. Rh1 Rxh1 30. Bxh1 $11 {[%emt 0:00:03] KB-KN} Kf6 31. Bf3 Kg6 32. Kg3 Nf6 33. Bd1 Ne4+ 34. Kf3 f5 {[%emt 0:13:34] Weighted Error Value: White=0.10 (very precise) /Black=0.10 (very precise)} 1/2-1/2

[Event "12th WLC Weekend 2022"]
[Site "Eindhoven"]
[Date "2022.05.14"]
[Round "3.12"]
[White "van der Valk, Niklas"]
[Black "Koster, Chiel"]
[Result "1/2-1/2"]
[ECO "E61"]
[WhiteElo "2200"]
[BlackElo "1924"]
[Annotator "TA"]
[PlyCount "133"]
[EventDate "2022.05.13"]
[EventType "swiss"]
[EventCountry "NED"]
[SourceTitle "playchess.com"]
[Source "ChessBase"]
[SourceQuality "1"]
[TimeControl "5400+30"]

1. c4 Nf6 2. Nc3 e5 3. Nf3 Nc6 4. g3 d6 5. d4 exd4 6. Nxd4 Bd7 7. Bg2 g6 8. b3 Bg7 9. Bb2 O-O 10. O-O Re8 11. e3 {[%emt 0:01:52] [#]} h5 $146 {[%emt 0:04:34] E61: King's Indian: Early deviations for White, including Smyslov System.} ({Predecessor:} 11... Rb8 12. Qd2 Qc8 13. Nd5 Ne4 14. Qc2 Nxd4 15. Bxd4 Bf5 16. Bxg7 Kxg7 17. f3 Nc5 18. Qc3+ Kh6 19. e4 {1-0 (29) Sadovsky,A (2421)-Klimentov,R (2182) Lipetsk 2020}) 12. Nxc6 Bxc6 13. Bxc6 bxc6 14. Qf3 Ne4 15. Nxe4 Bxb2 16. Rab1 Bg7 17. h4 a5 18. Ng5 Qd7 19. c5 d5 {[%emt 0:02:10] aiming for ...f6.} 20. Kg2 Qe7 21. Rfc1 Bh6 22. Nh3 d4 23. Rf1 dxe3 24. fxe3 f5 ({Don't play} 24... Qxe3 25. Qxf7+ Kh8 26. Qf6+ Kh7 27. Qxc6 Qe2+ 28. Rf2 Qe4+ 29. Qxe4 Rxe4 30. Rd1 $16 (30. Rf7+ Kg8 $16)) ({Don't do} 24... Bxe3 25. Rbe1 $16) (24... Rad8 $17 25. Rb2 Rd5) 25. Qxc6 $11 Qe4+ 26. Qxe4 Rxe4 27. Nf4 Kf7 28. Kf2 Rae8 29. Rfe1 Bf8 30. Rbc1 c6 31. Rc3 a4 ({Black should play} 31... Rd8 $14) 32. Rd1 $16 R8e5 33. Rd7+ Ke8 {[%emt 0:00:43] [#]} 34. Rd4 axb3 35. axb3 Bxc5 36. Rxe4 fxe4 37. Nxg6 {[%emt 0:00:54][%mdl 4096] Endgame KRB-KRN} Rf5+ 38. Nf4 Kd7 39. Rc4 Re5 40. Ng6 Rf5+ 41. Nf4 Re5 $1 42. Ke2 Bb6 43. b4 Kd6 44. Kd2 Ba7 45. Ne2 Kd5 46. Rc1 Rf5 {[%emt 0:02:09] [#]} (46... Kd6 $16) 47. Nf4+ (47. Ra1 $1 $18 Rf7 48. Nf4+ Kc4 49. Ke2) 47... Kd6 48. Ra1 Bb6 49. Ke2 (49. Ra8 $16) 49... Rb5 $14 50. Ra4 Kc7 (50... Ke5 $11) 51. Nh3 (51. Kf2 $16) 51... Kd6 $11 52. Nf2 (52. Kf2 $5 ) 52... Ke5 {[%emt 0:00:04] The position is equal.} 53. Nd1 {[%emt 0:00:33] Black must now prevent Nc3.} c5 54. bxc5 Rxc5 55. Nf2 Rc2+ 56. Kf1 Kf5 57. Ra3 Bc7 58. Kg2 Re2 59. Rb3 Be5 60. Ra3 Bc7 61. Ra7 Bb6 62. Rf7+ Kg6 63. Kf1 Rxe3 64. Rf4 Rf3 65. Rxf3 exf3 66. g4 hxg4 67. Nxg4 {[%emt 0:00:08] Black defended with fortune.  Weighted Error Value: White=0.19 (very precise) /Black=0.12 (very precise)} 1/2-1/2

[Event "12th WLC Weekend 2022"]
[Site "Eindhoven"]
[Date "2022.05.14"]
[Round "3.13"]
[White "Van de Lagemaat, Arend"]
[Black "Ciornei, Dragos"]
[Result "1/2-1/2"]
[ECO "A49"]
[WhiteElo "1995"]
[BlackElo "2164"]
[Annotator "TA"]
[PlyCount "84"]
[EventDate "2022.05.13"]
[EventType "swiss"]
[EventCountry "NED"]
[SourceTitle "playchess.com"]
[Source "ChessBase"]
[SourceQuality "1"]
[TimeControl "5400+30"]

1. d4 Nf6 2. Nf3 g6 3. g3 Bg7 4. Bg2 d6 5. O-O O-O 6. b3 c6 7. Bb2 Nbd7 {[%emt 0:01:31][%cal Oe7e5] 7...Bf5 injects fresh life into this line.} 8. Re1 {[%emt 0:00:21] A49: 1 d4 Nf6 2 Nf3 g6 3 g3: Anti-King's Indian systems.} Qc7 9. e4 e5 10. dxe5 {[%emt 0:02:13] White has an edge.} dxe5 (10... Nxe5 $11 11. Nd4 a6) 11. a4 Re8 12. Nbd2 Bf8 13. Qe2 a5 {[%emt 0:02:54] [#]} 14. Rad1 $146 (14. Red1 $11 {remains equal.}) ({Predecessor:} 14. h3 b6 15. Nh2 Ba6 16. Qf3 Rad8 17. Bf1 Bxf1 18. Ndxf1 Re6 19. Ng4 h5 20. Nxf6+ Rxf6 {0-1 (33) Gajic,D (2335)-Narancic,V (2380) Vrnjacka Banja 1996}) 14... b6 (14... b5 $17) 15. Nc4 Ba6 16. Nfd2 Bb4 17. c3 Bf8 18. Bf1 (18. Qd3 {keeps more tension.} Ng4 19. Qf3 h5 20. h3) 18... h5 19. h3 Bc5 20. Nf3 Nf8 ({Black should try} 20... b5 $11 21. axb5 cxb5) 21. Bc1 (21. Qd2 $14) 21... N8h7 (21... b5 $11 22. axb5 cxb5) 22. Qc2 $14 Re6 23. Kg2 Rae8 24. Bd3 Bc8 25. Nh4 Qe7 26. Ne3 Rd6 27. Bc4 {[%emt 0:03:11] Against Qe6. Black must now prevent Nxg6.} Rxd1 28. Rxd1 {[%emt 0:03:43] aiming for Nxg6.} Kh8 29. Nf3 Kg7 30. Qd3 {[%emt 0:04:04] White is more active.} (30. Bf1 $14) 30... Nd7 31. Nh4 Ndf8 32. Nc2 Ne6 {[%emt 0:02:34] Threatens to win with ...Rd8.} ({Much less strong is} 32... Ng5 33. b4 Bxh3+ 34. Kg1 $16) 33. Nf3 ({Much weaker is} 33. Qd2 {[#]} Nf4+ $1 34. Kh2 Ng5 $1 $17) 33... Rd8 34. Qe2 Rxd1 (34... Neg5 {with more complications.} 35. Rxd8 Qxd8 36. Nxg5 Nxg5 37. h4 Qd7) 35. Qxd1 Neg5 36. Nxg5 Nxg5 37. Bxg5 Qxg5 38. Ne1 Qf6 39. Nd3 Bd6 40. Qe2 h4 41. Qe3 Bc7 42. g4 g5 {[%emt 0:00:35] Weighted Error Value: White=0.25 (precise) /Black=0.21 (precise)} 1/2-1/2